 Dungeon Crawl Stone Soup version 0.27-a0-1105-g946c659c87 (webtiles) character file.

Game seed: 602971129162151623

1157 Shiverbunnies the Cudgeller (level 8, -6/48 HPs)
             Began as a Gargoyle Gladiator on Apr 29, 2021.
             Killed by divine providence
             ... invoked by an orc priest
              (16 damage)
             ... on level 6 of the Dungeon.
             The game lasted 00:17:22 (5126 turns).

Shiverbunnies the Cudgeller (Gargoyle Gladiator)    Turns: 5126, Time: 00:17:22

Health: -6/48      AC: 18    Str: 19    XL:     8   Next: 39%
Magic:  17/17      EV:  8    Int:  9    God:
Gold:   161        SH:  0    Dex: 12    Spells: 7/7 levels left

rFire    + . .     SeeInvis .   f - +5 flail
rCold    . . .     Faith    .   (no shield)
rNeg     + . .     Spirit   .   m - +0 chain mail
rPois    ∞         Reflect  .   c - +1 helmet
rElec    +         Harm     .   (no cloak)
rCorr    .         Rampage  .   x - +0 pair of gloves
Will     .....                  (no boots)
Stlth    ..........             (no amulet)
HPRegen  0.16/turn              k - ring of magical power
MPRegen  0.15/turn              b - ring of protection from fire

@: no status effects
A: AC +5, negative energy resistance 1, electricity resistance, torment
resistance 1, unbreathing 1, petrification resistance
a: no special abilities


You were on level 6 of the Dungeon.
You visited 1 branch of the dungeon, and saw 6 of its levels.

You collected 247 gold pieces.
You spent 86 gold pieces at shops.

Inventory:

Hand Weapons
 f - a +5 flail (weapon)
 v - a +4 short sword
Missiles
 d - a throwing net (quivered)
 i - 6 atropa-tipped darts
Armour
 c - a +1 helmet (worn)
 m - a +0 chain mail (worn)
 x - a +0 pair of gloves (worn)
Jewellery
 b - a ring of protection from fire (right hand)
 j - a ring of fire
 k - a ring of magical power (left hand)
Scrolls
 e - a scroll of torment
 o - a scroll of magic mapping
 p - a scroll of teleportation
 r - a scroll of brand weapon {unknown}
 t - a scroll of enchant weapon {unknown}
 u - a scroll of acquirement {unknown}
Potions
 a - a potion of haste
 g - a potion of curing {unknown}
 h - a potion of resistance {unknown}
 n - 2 potions of lignification


   Skills:
 + Level 4.1 Fighting
 + Level 7.7 Maces & Flails
 + Level 2.0 Throwing
 + Level 4.1 Armour
 + Level 3.8 Dodging
 + Level 1.2 Stealth


You had 7 spell levels left.
You didn't know any spells.
Your spell library was empty.

Dungeon Overview and Level Annotations

Branches:
Dungeon (6/15)
 Temple: D:4-7

Altars:
Zin

Shops:
D:2 :   D:3 (

Annotations:
D:6 Edmund, Eustachio


Innate Abilities, Weirdness & Mutations

Your stone body is resilient. (AC +5)
You are immune to poison.
You resist negative energy. (rN+)
You are resistant to electric shocks. (rElec)
You are resistant to unholy torment.
You can survive without breathing.
You are immune to petrification.


Message History

You see here a glowing brown potion.
g - a glowing brown potion You hit the bullfrog.
The bullfrog is moderately wounded.
The bullfrog closely misses you.
The bullfrog hits you but does no damage.
You sock the bullfrog!
The bullfrog is severely wounded.
The bullfrog hits you but does no damage.
An orc wizard comes into view.
It is wielding a +0 dagger and wearing a +1 robe of willpower.
You barely miss the bullfrog.
The bullfrog is severely wounded.
The bullfrog hits you but does no damage.
An orc priest comes into view.
It is wielding a +0 club and carrying a wand of paralysis (8).
The bullfrog hits you but does no damage.
You closely miss the bullfrog.
The bullfrog is severely wounded.
The bullfrog barely misses you.
The orc priest mumbles some strange prayers to Beogh against you.
Beogh smites you! The bullfrog closely misses you.
You sock the bullfrog!
You kill the bullfrog!
The orc priest calls down the wrath of Beogh upon you.
Beogh smites you!
You see here a bullfrog corpse.
The orc wizard casts a spell at itself.
The orc wizard flickers and vanishes!
Deactivating autopickup; reactivate with Ctrl-A.
You barely miss the orc warrior. The orc warrior barely misses you.
The orc hits you but does no damage.
You hit the orc warrior.
The orc warrior is lightly wounded.
The orc warrior hits you with a +0 war axe!
* * * LOW HITPOINT WARNING * * *
You sock the orc warrior!
The orc warrior is moderately wounded.
The orc warrior hits you but does no damage.
The orc priest mumbles some strange prayers to Beogh against you.
Beogh smites you!
You die...

# #................ # ♣♣.
#................ # ♣♣.♣♣
#........#......... #
♣♣...♣
#.................. #
♣....♣
#<........#........ #
#....#
#)................. #
#....###........).#.....
####....##........†.##...
...)...<........@o.###o#
.####..#............#†.#
..##..###...........oo##
...[.## #...........###
........#...........#
....###.............#
###... ..#.........##
#.### #.#.......# #.#
#####....


You could see an orc warrior, an orc priest and an orc.

Vanquished Creatures
  A steam dragon (D:4)
  A necrophage (D:5)
  An ogre (D:5)
  A bullfrog (D:6)
  A scorpion (D:5)
  A water moccasin skeleton (D:5)
  5 wights
  A crimson imp (D:4)
  An orc priest (D:4)
  A centaur skeleton (D:5)
  2 hounds (D:5)
  An iguana (D:5)
  A scorpion zombie (D:3)
  A killer bee zombie (D:4)
  A hound skeleton (D:5)
  3 gnolls (D:5)
  13 adders
  A shadow imp (D:5)
  A white imp (D:4)
  2 dart slugs
  6 orcs
  6 bats
  5 endoplasms
  2 giant cockroaches (D:3)
  6 hobgoblins
  5 jackals
  6 kobolds
  5 quokkas
  7 ball pythons
  2 frilled lizards
  12 goblins
  6 rats
108 creatures vanquished.

Notes
Turn   | Place    | Note
-------+----------+-------------------------------------------
     0 | D:1      | Shiverbunnies the Gargoyle Gladiator began the quest for
                  | the Orb.
     0 | D:1      | Reached XP level 1. HP: 12/12 MP: 1/1
   142 | D:1      | Reached XP level 2. HP: 3/18 MP: 2/2
   744 | D:1      | Reached skill level 1 in Armour
   744 | D:1      | Reached XP level 3. HP: 22/22 MP: 3/3
  1071 | D:2      | Found Vahalingenk's Book Emporium.
  1674 | D:3      | Reached XP level 4. HP: 26/27 MP: 4/4
  1760 | D:3      | Reached skill level 4 in Maces & Flails
  2021 | D:3      | Found Heif's Weapon Emporium.
  2029 | D:3      | Bought a +0 vorpal flail for 86 gold pieces
  2059 | D:3      | Reached XP level 5. HP: 29/31 MP: 5/5
  2858 | D:4      | Noticed a steam dragon
  2875 | D:4      | Killed a steam dragon
  2876 | D:4      | Reached skill level 5 in Maces & Flails
  2876 | D:4      | Reached XP level 6. HP: 29/37 MP: 6/6
  3570 | D:5      | Entered Level 5 of the Dungeon
  3587 | D:5      | Reached skill level 6 in Maces & Flails
  3587 | D:5      | Reached XP level 7. HP: 35/41 MP: 7/7
  4014 | D:5      | Reached skill level 7 in Maces & Flails
  4014 | D:5      | Reached skill level 1 in Stealth
  4269 | D:5      | Reached XP level 8. HP: 48/48 MP: 8/8
  4413 | D:5      | Found a glowing silver altar of Zin.
  5034 | D:6      | Noticed Eustachio
  5034 | D:6      | Noticed Edmund
  5126 | D:6      | Killed from afar by an orc priest

Illustrated notes

Levels and vault maps discovered:
D:1:      wander_arrival_estate, layout_loops_ring, hex_medium
D:2:      layout_rooms, serial_shops,
          nicolae_shop_temple_entry_statues_fountains
D:3:      layout_basic, serial_shops,
          nicolae_shop_temple_entry_statues_fountains,
          minmay_misc_feat_nine_boxes
D:4:      layout_rooms, chequers_serial_rivers_micro_a, minmay_fire_ice_demons
D:5:      layout_rooms, kennysheep_mini_moat, chequers_serial_rivers_large_a
D:6:      layout_rooms, nicolae_overflow_hidden_temple,
          eat_drink_and_be_merry_uskayaw, uniq_sigmund, uniq_eustachio,
          uniq_edmund, uniq_crazy_yiuf_cottage, uniq_prince_ribbit1

Skill      XL: |  1  2  3  4  5  6  7  8 |
---------------+-------------------------+-----
Armour         | 1 2 3 4 |  4.1
Maces & Flails | 4 5 6 7 |  7.7
Dodging        | 3 |  3.8
Fighting       | 3 4 |  4.1
Stealth        | 1 |  1.2
Throwing       | 2 |  2.0

Action                   |  1- 3 |  4- 6 |  7- 9 || total
-------------------------+-------+-------+-------++-------
Melee: Flail             |   177 |   181 |   142 ||   500
Throw: Throwing net      |       |       |     4 ||     4
  Use: Scroll            |       |       |     6 ||     6
       Potion            |       |       |     4 ||     4
 Stab: Held in net/web   |       |       |     2 ||     2
Armor: Leather armour    |    21 |       |       ||    21
       Ring mail         |    67 |       |       ||    67
       Chain mail        |    36 |   192 |    86 ||   314
Dodge: Dodged            |   131 |   115 |    55 ||   301

Table legend: (Time is in decaauts)
 A = Elapsed time spent in this place.
 B = Non-inter-level travel time spent in this place.
 C = Inter-level travel time spent in this place.
 D = Time resting spent in this place.
 E = Time spent auto-exploring this place.
 F = Levels seen in this place.
 G = Mean time per level.
                   A        B        C        D        E       F      G
               +--------+--------+--------+--------+--------+-----+--------+
         Total |   5210 |   5162 |     48 |   1247 |   2239 |   6 |  868.3 |
       Dungeon |   5210 |   5162 |     48 |   1247 |   2239 |   6 |  868.3 |
               +--------+--------+--------+--------+--------+-----+--------+

Top non-repeatable levels by time:
     D:5: 1207 daAuts
     D:1: 1092 daAuts
     D:4: 1080 daAuts
     D:3: 913 daAuts
     D:2: 552 daAuts
     D:6: 364 daAuts
